 Dungeon Crawl Stone Soup version 0.28.0 (webtiles) character file.

Game seed: 7088069475518304344

282608 freelancePsychic the Warrior (level 19, -13/175 (179) HPs)
             Began as a Palentonga Hedge Wizard on Feb 8, 2022.
             Was the Champion of Qazlal.
             Killed from afar by an ironbound thunderhulk (31 damage)
             ... with a bolt of lightning
             ... on level 2 of the Vaults on Feb 9, 2022.
             The game lasted 01:36:53 (36970 turns).

freelancePsychic the Warrior (PaWz)                Turns: 36970, Time: 01:36:54

HP:   -13/175 (179) AC: 35    Str: 25    XL:     19   Next: 73%
MP:   23/31         EV:  7    Int: 17    God:    Qazlal [******]
Gold: 4072          SH: 25    Dex: 11    Spells: 25/26 levels left

rFire   + . .      SeeInvis +   a - +9 eveningstar (vamp)
rCold   + . .      Faith    .   X - +1 kite shield {AC+3}
rNeg    + . .      Spirit   .   p - +3 chain mail {rPois}
rPois   +          Reflect  +   S - +2 helmet "Jycs" {Drain rC+ rN+ Str+3 Dex+4}
rElec   +          Harm     .   (no cloak)
rCorr   +          Rampage  .   O - +0 pair of gloves
Will    +++..                   Q - +0 barding "Kirphykh" {Regen+}
Stlth   ..........              Y - amulet of reflection
HPRegen 1.19/turn               P - ring of Sett {rF+ Will++ Str+4 Dex-2 Stlth+}
MPRegen 0.22/turn               z - ring of resist corrosion

@: protected from electricity, slowed, studying Ice Magic, lightly drained,
repel missiles, curled up, very slow
A: large, rugged brown scales 3, see invisible, deformed body, roll 1, armoured
tail, reflexive curl, clumsy 1
}: 2/15 runes: barnacled, gossamer
a: Rolling Charge, Renounce Religion, Upheaval, Elemental Force, Disaster Area


You were on level 2 of the Vaults.
You worshipped Qazlal.
Qazlal was exalted by your worship.
You visited 7 branches of the dungeon, and saw 36 of its levels.
You also visited: Sewer, Bailey, Gauntlet and Ice Cave.

You collected 4284 gold pieces.
You spent 212 gold pieces at shops.

Inventory:

Hand Weapons
 a - a +9 vampiric eveningstar (weapon)
 b - the +7 sceptre of Torment {pain, torment}
   (You acquired it on level 2 of the Elven Halls)

   In the hands of one skilled in necromantic magic, it inflicts extra damage on
   living creatures.
   It occasionally torments all nearby living foes when it strikes in combat.
Missiles
 H - 9 curare-tipped darts
Armour
 g - a +0 tower shield
 i - a +3 barding of fire resistance
 p - a +3 chain mail of poison resistance (worn)
 O - a +0 pair of gloves (worn)
 Q - the +0 barding "Kirphykh" (worn) {Regen+}
   (You found it in a Gauntlet)

   Regen:     It increases your rate of health regeneration.
 S - the +2 helmet "Jycs" (worn) {Drain rC+ rN+ Str+3 Dex+4}
   (You acquired it in a Gauntlet)

   Str:       It affects your strength (+3).
   Dex:       It affects your dexterity (+4).
   rC:        It protects you from cold.
   rN:        It protects you from negative energy.
   Drain:     It drains your maximum health when unequipped.
 X - a +1 kite shield of protection (worn)
Jewellery
 z - a ring of resist corrosion (right hand)
 P - the ring of Sett (left hand) {rF+ Will++ Str+4 Dex-2 Stlth+}
   (You acquired it in a Gauntlet)

   [ring of protection from fire]

   Str:       It affects your strength (+4).
   Dex:       It affects your dexterity (-2).
   rF:        It protects you from fire.
   Will:      It greatly increases your willpower.
   Stlth:     It makes you more stealthy.
 Y - an amulet of reflection (around neck)
Wands
 l - a wand of flame (41)
 t - a wand of polymorph (22)
 w - a wand of digging (2)
 A - a wand of iceblast (26)
 C - a wand of acid (8)
 E - a wand of charming (13)
 F - a wand of mindburst (19)
 N - a wand of paralysis (3)
Scrolls
 c - 4 scrolls of summoning
 e - 9 scrolls of blinking
 f - a scroll of enchant weapon
 h - 2 scrolls of immolation
 q - 8 scrolls of noise
 r - 7 scrolls of vulnerability
 u - 14 scrolls of teleportation {@r4}
 v - 2 scrolls of identify {@r1}
 y - 3 scrolls of brand weapon
 D - 3 scrolls of fog
 G - 9 scrolls of amnesia
 J - a scroll of fear
 L - 5 scrolls of magic mapping
 U - 2 scrolls of enchant armour
 W - a scroll of silence
Potions
 d - 4 potions of haste {unknown}
 j - 14 potions of curing {@q1}
 k - 5 potions of lignification {unknown}
 m - 4 potions of cancellation {unknown}
 n - 2 potions of degeneration {unknown}
 o - a potion of experience {unknown}
 s - 7 potions of brilliance {unknown}
 x - 5 potions of attraction {unknown}
 B - 9 potions of mutation {unknown}
 I - a potion of might {unknown}
 K - 8 potions of heal wounds {unknown}
 M - 5 potions of magic {unknown}
 R - 2 potions of resistance {unknown}
 T - 5 potions of ambrosia
 V - a potion of flight {unknown}


   Skills:
 + Level 19.8 Fighting
 - Level 5.4 Short Blades
 - Level 16.4 Maces & Flails
 * Level 11.8 Armour
 - Level 10.2 Dodging
 - Level 1.2 Stealth
 - Level 11.7 Shields
 - Level 4.0 Spellcasting
 - Level 2.6 Conjurations
 - Level 0.7 Summonings
 - Level 1.0 Translocations
 + Level 17.0 Invocations


You had 25 spell levels left.
You knew the following spells:

 Your Spells              Type           Power      Damage    Failure   Level
a - Magic Dart            Conj           48%        1d5       41%         1

Your spell library contained the following spells:

 Spells                   Type           Power      Damage    Failure   Level
 Searing Ray              Conj           24%        2d5       54%         2
 Shock                    Conj/Air       28%        1d4       58%         1
 Apportation              Tloc           12%        N/A       63%         1
 Summon Small Mammal      Summ           20%        N/A       67%         1
 Static Discharge         Conj/Air       7%         N/A       75%         2
 Slow                     Hex            12%        N/A       77%         1
 Blink                    Tloc           12%        N/A       77%         2
 Call Imp                 Summ           5%         N/A       82%         2
 Ensorcelled Hibernation  Hex/Ice        6%         N/A       88%         2
 Scorch                   Fire           6%         2d5       88%         2
 Conjure Flame            Conj/Fire      7%         6-21      92%         3
 Gell's Gravitas          Tloc           6%         N/A       94%         3
 Mephitic Cloud           Conj/Pois/Air  6%         N/A       95%         3
 Call Canine Familiar     Summ           5%         N/A       96%         3
 Summon Guardian Golem    Hex/Summ       4%         N/A       97%         3
 Ignite Poison            Fire/Tmut/Pois 3%         N/A       98%         3
 Spider Form              Tmut/Pois      3%         N/A       98%         3
 Swiftness                Air            3%         N/A       98%         3
 Tukima's Dance           Hex            3%         N/A       98%         3
 Iskenderun's Mystic Bla  Conj/Tloc      9%         2d4       99%         4
 Airstrike                Air            1%         N/A       100%        4
 Anguish                  Hex/Necr       1%         N/A       100%        4
 Dispel Undead            Necr           3%         3d7       100%        4
 Fulminant Prism          Conj/Hex       3%         3d6       100%        4
 Hailstorm                Conj/Ice       7%         3d4       100%        4
 Ice Form                 Ice/Tmut       3%         N/A       100%        4
 Olgreb's Toxic Radiance  Pois           3%         N/A       100%        4
 Passage of Golubria      Tloc           6%         N/A       100%        4
 Sticky Flame             Conj/Fire      7%         2d3       100%        4
 Summon Lightning Spire   Summ/Air       4%         N/A       100%        4
 Fireball                 Conj/Fire      3%         3d4       100%        5
 Lee's Rapid Deconstruct  Erth           1%         3d5*      100%        5
 Lightning Bolt           Conj/Air       3%         1d15      100%        5
 Manifold Assault         Tloc           6%         N/A       100%        5
 Yara's Violent Unravell  Hex/Tmut       1%         3d3       100%        5
 Dispersal                Tloc           3%         N/A       100%        6
 Simulacrum               Ice/Necr       1%         N/A       100%        6
 Ozocubu's Refrigeration  Ice            1%         4d5       100%        7
 Ignition                 Fire           1%         3d3       100%        8


Dungeon Overview and Level Annotations

Branches:
Dungeon (15/15)            Temple (0/1) D:6            Lair (6/6) D:10
 Shoals (4/4) Lair:2       Spider (4/4) Lair:4        Slime (0/5) Lair:6
    Orc (2/2) D:11            Elf (3/3) Orc:2        Vaults (2/5) D:13
 Depths (0/4) D:15          Sewer (visited)          Bailey (visited)
  IceCv (visited)         Gauntlet (visited)
  Crypt: Vaults:2-3

Altars:
Ashenzari
Hepliaklqana
Kikubaaqudgha
Nemelex Xobeh
Qazlal
Uskayaw
Vehumet
Wu Jian
Yredelemnul
Zin
Beogh

Shops:
Orc:2 (?[[*   Shoals:3 *

Annotations:
D:3 3 runed translucent doors, FexLirch's ghost, amateur HOAK
Elf:1 exclusion: deep elf knight
Elf:2 3 runed translucent doors
Elf:3 3 runed translucent doors


Innate Abilities, Weirdness & Mutations

You are completely covered in rugged brown scales. (AC +3, +7% HP)
You have supernaturally acute eyesight. (SInv)
Armour fits poorly on your strangely shaped body.
You can roll at nearby foes to attack.
You have a long armoured tail.
You curl defensively after being hit. (AC +7*)
You are clumsy. (Dex -2)


Message History

The ironbound preserver is heavily wounded.
The blast of rubble hits the yaktaur!!
The yaktaur is severely wounded.
The blast of rubble hits the yaktaur!!!
You kill the yaktaur!
Qazlal accepts your kill.
The blast of rubble hits the ironbound convoker!!
The ironbound convoker is heavily wounded.
The blast of magma engulfs the sphinx!!
The sphinx is heavily wounded.
The blast of magma engulfs the vault sentinel!!
The vault sentinel is almost dead.
The blast of magma engulfs the ironbound preserver!!
The ironbound preserver is severely wounded.
The blast of magma engulfs the yaktaur!!
You kill the yaktaur!
Qazlal accepts your kill.
The ironbound convoker points at the deep troll and mumbles some strange words.
The deep troll seems to grow stronger.
The ironbound thunderhulk hits you with a +0 dire flail of protection!
* * * LOW HITPOINT WARNING * * *
You block the ironbound convoker's attack.
You block the deep troll's attack. The deep troll claws you.
* * * LOW HITPOINT WARNING * * *
You feel more protected from physical attacks.
You block the deep troll's attack. You block the eidolon's attack.
The eidolon hits you but does no damage.
The soul eater is engulfed in freezing vapours.
The ironbound convoker hits you with a +0 morningstar!!
* * * LOW HITPOINT WARNING * * *
You feel more protected from physical attacks.
Your Invocations skill increases to level 17!
Blink to where?
Press: ? - help, Dir - move target
As you read the scroll of blinking, it crumbles to dust.
Electricity crackles from the ironbound thunderhulk's apparatus.
The bolt of lightning hits you!!
Your resistance to physical damage fades away.
You feel protected from electricity.
You die... ##p(≈# ##ppH# #pWp#

#T§#
###O####
#.°c3..#
#.☼....#
+......#
#...@..#
#.§≈...#
#≈..☼☼○#
#..≈≈..#
########


You could see an ironbound thunderhulk, an eidolon (strong), a soul eater, a
deep troll (strong), 2 ironbound convokers and a yaktaur.

Vanquished Creatures
  An Ice Fiend (IceCv)
  A sphinx (Vaults:1)
  Kirke (Shoals:3)
  Gastronok (Lair:2)
  Donald (Spider:4)
  2 orc warlords
  A frost giant (Shoals:4)
  A deep elf sorcerer (Elf:2)
  A ghost moth (Spider:4)
  3 emperor scorpions
  Aizul (Shoals:1)
  A caustic shrike zombie (D:15)
  2 vault wardens (Vaults:1)
  3 ironbound preservers
  9 broodmothers
  A quicksilver ooze (shapeshifter) (D:15)
  3 very ugly things
  Nessos (Lair:6)
  11 dire elephants
  A deep elf annihilator (Elf:2)
  A minotaur (Gauntlet)
  4 entropy weavers
  A spark wasp (Spider:2)
  5 merfolk javelineers
  An ettin (Vaults:2)
  3 deep elf death magi
  5 merfolk impalers
  3 deep elf high priests
  2 yaktaur captains
  5 boulder beetles
  Fannar (D:11)
  3 ironbound frosthearts (Vaults:1)
  A catoblepas (Lair:2)
  4 ogre magi (Orc:2)
  8 hydras
  5 jorogumos (Spider:4)
  An alligator snapping turtle (Shoals:3)
  6 centaur warriors
  6 death yaks (Lair:6)
  2 merfolk aquamancers
  21 two-headed ogres
  3 radroaches
  12 dancing weapons
  2 satyrs
  2 tengu warriors (D:14)
  A vampire mage (D:15)
  2 orc high priests
  Sonja (D:11)
  9 deep elf knights
  A fire crab (Lair:4)
  2 spectral death yaks (Lair:6)
  10 steelbarb worms
  A skeletal warrior (D:15)
  7 pharaoh ants
  9 orb spiders
  6 sea snakes
  2 wizards (Vaults:1)
  Pikel (D:6)
  3 obsidian statues
  4 lindwurms
  An orange crystal statue (D:13)
  5 necromancers
  11 spriggan simulacra (IceCv)
  14 deep elf archers
  22 deep elf zephyrmancers
  20 wolf spiders
  A golden dragon skeleton (D:15)
  3 orc knights
  15 deep elf pyromancers
  17 harpies
  30 ugly things
  5 manticores
  8 ironbound convokers (Vaults:1)
  9 fauns
  An orc sorcerer (D:15)
  6 cyclopes
  4 moths of wrath
  2 fire giant zombies
  Maurice (D:9)
  17 elephants
  8 merfolk sirens
  5 vault sentinels
  4 black mambas
  2 water nymphs
  A gargoyle (Gauntlet)
  2 torpor snails
  3 unseen horrors
  4 freezing wraiths
  8 demonic crawlers
  11 komodo dragons
  2 rime drakes
  23 cane toads
  Psyche (D:11)
  8 yaktaurs
  3 kobold demonologists
  A guardian mummy (D:15)
  7 entropy weaver simulacra (IceCv)
  5 ice devils (IceCv)
  22 merfolk
  6 polar bears
  7 trolls
  A hornet (D:10)
  17 meliai
  Grinder (D:4)
  33 tarantellas
  5 wind drakes
  20 blink frogs
  18 slime creatures
  5 dream sheep
  42 jumping spiders
  2 snapping turtles
  20 culicivoras
  4 shadows
  A vampire (D:10)
  An air elemental (Elf:3)
  2 wyverns
  4 hogs (Shoals:3)
  An ettin skeleton (D:15)
  2 wraiths
  3 dire elephant simulacra
  4 basilisks
  3 fire elementals
  11 water elementals
  39 yaks
  48 redbacks
  7 vampire mosquitoes
  5 wargs
  5 minotaur simulacra (IceCv)
  2 harpy simulacra (IceCv)
  An acid dragon (D:14)
  A spectral cane toad (Lair:6)
  18 water moccasins
  A hornet zombie (D:8)
  An ogre skeleton (Vaults:1)
  An ice beast (D:6)
  3 ettin simulacra (IceCv)
  32 orc warriors
  A necrophage (D:4)
  A sky beast (D:7)
  2 alligator simulacra (IceCv)
  An elephant skeleton (Lair:6)
  27 ogres
  An elephant zombie (Lair:6)
  17 wolves
  A human skeleton (Vaults:1)
  13 centaurs
  A tengu (shapeshifter) (D:14)
  4 lemures
  3 kobold brigands (D:13)
  11 bullfrogs
  2 cane toad simulacra (Lair:6)
  3 earth elementals
  3 deep troll simulacra (IceCv)
  A water moccasin zombie (D:3)
  4 killer bees
  3 lindwurm simulacra (IceCv)
  11 howler monkeys
  3 wights
  A howler monkey (shapeshifter) (D:10)
  3 electric eels
  3 centaur zombies
  2 gnoll shamans
  5 hounds
  A jelly (D:5)
  17 orc priests
  Jessica (D:2)
  A scorpion zombie (D:5)
  Ijyb (D:4)
  An iguana (D:5)
  20 orc wizards
  A hell rat (Lair:3)
  2 killer bee zombies
  Robin (D:2)
  11 gnolls
  9 adders
  2 river rats (Sewer)
  An ufetubus (D:5)
  A worm (D:2)
  3 dart slugs
  64 orcs
  4 bats
  7 endoplasms
  6 giant cockroaches
  11 hobgoblins
  4 jackals
  8 kobolds
  5 quokkas
  9 ball pythons
  9 frilled lizards
  9 goblins (D:2)
  7 rats
1244 creatures vanquished.

Vanquished Creatures (collateral kills)
  A dire elephant (Lair:6)
  A spectral anaconda (Lair:6)
  8 harpies
  A manticore (Shoals:2)
  A water nymph (Shoals:2)
  A merfolk (Shoals:2)
13 creatures vanquished.

Vanquished Creatures (others)
  A deep elf knight (Elf:1)
  A harpy (Shoals:1)
  A blink frog (Lair:6)
  A spectral elephant (Lair:6)
  A wolf (Lair:4)
  16 fungi
  71 plants
  21 withered plants
113 creatures vanquished.

Grand Total: 1370 creatures vanquished

Notes
Turn   | Place    | Note
-------+----------+-------------------------------------------
     0 | D:1      | freelancePsychic the Palentonga Hedge Wizard began the
                  | quest for the Orb.
     0 | D:1      | Reached XP level 1. HP: 13/13 MP: 4/4
    96 | D:1      | Reached skill level 1 in Conjurations
   440 | D:1      | Reached XP level 2. HP: 19/20 MP: 6/6
  1349 | D:2      | Noticed Jessica
  1366 | D:2      | Killed Jessica
  1367 | D:2      | Reached XP level 3. HP: 25/25 MP: 0/8
  1931 | D:2      | Reached XP level 4. HP: 31/32 MP: 1/9
  2413 | D:2      | Noticed Robin
  2467 | D:1      | Reached skill level 1 in Short Blades
  2721 | D:2      | Killed Robin
  2967 | D:3      | Found a runed translucent gate.
  2967 | D:3      | Found a runed translucent gate.
  2967 | D:3      | Found a runed translucent gate.
  2968 | D:3      | Noticed FexLirch's ghost (amateur HOAK)
  3623 | D:3      | Reached skill level 1 in Fighting
  3789 | D:3      | Reached XP level 5. HP: 10/39 MP: 8/11
  4593 | D:3      | Identified a scroll of acquirement
  4594 | D:3      | Acquired a +1 barding of fire resistance
  5013 | D:4      | Noticed Ijyb
  5030 | D:4      | Reached skill level 2 in Fighting
  5038 | D:4      | Noticed a necrophage
  5041 | D:4      | Noticed Grinder
  5042 | D:4      | Reached XP level 6. HP: 47/47 MP: 12/12
  5323 | D:4      | Reached skill level 1 in Armour
  5466 | D:4      | Killed Ijyb
  5717 | D:4      | Killed Grinder
  5718 | D:4      | Reached skill level 3 in Fighting
  5718 | D:4      | Gained mutation: You curl defensively after being hit. (AC
                  | +7*) [Palentonga growth]
  5718 | D:4      | Reached XP level 7. HP: 55/55 MP: 13/13
  5968 | D:5      | Entered Level 5 of the Dungeon
  6103 | D:5      | Reached skill level 5 in Short Blades
  6147 | D:5      | Found an ancient bone altar of Kikubaaqudgha.
  6318 | D:5      | Found a hazy altar of Hepliaklqana.
  6327 | D:5      | Found a basalt altar of Yredelemnul.
  6328 | D:5      | Acquired a +4 vampiric eveningstar
  6333 | D:5      | Found a radiant altar of Vehumet.
  6333 | D:5      | Found a sparkling altar of Nemelex Xobeh.
  6403 | D:5      | Reached skill level 1 in Maces & Flails
  6501 | D:5      | Reached skill level 4 in Fighting
  6513 | D:5      | Identified the +3 dagger of Ancient Evil {venom, Int+5
                  | Dex-5}
  6527 | D:5      | Reached XP level 8. HP: 62/64 MP: 14/14
  6607 | D:5      | Found a stormy altar of Qazlal.
  6611 | D:5      | Noticed an air elemental
  6820 | D:5      | Became a worshipper of Qazlal Stormbringer
  7047 | D:6      | Found a glowing drain.
  7073 | Sewer    | Entered a sewer
  7455 | D:6      | Noticed Pikel
  8033 | D:6      | Reached skill level 1 in Invocations
  8267 | D:6      | Found a staircase to the Ecumenical Temple.
  8336 | D:6      | Killed Pikel
  8337 | D:6      | Reached skill level 5 in Fighting
  8982 | D:7      | Reached skill level 5 in Maces & Flails
  9181 | D:7      | Reached XP level 9. HP: 67/72 MP: 15/15
  9748 | D:7      | Reached * piety under Qazlal
 10269 | D:8      | Reached skill level 6 in Fighting
 10750 | D:8      | Found a glowing silver altar of Zin.
 10919 | D:9      | Noticed Maurice
 10922 | D:9      | Noticed a cyclops
 10935 | D:8      | Killed a cyclops
 10936 | D:8      | Reached skill level 5 in Invocations
 11546 | D:8      | Found an ornate altar of the Wu Jian Council.
 12444 | D:9      | Noticed a two-headed ogre
 12454 | D:10     | Entered Level 10 of the Dungeon
 12661 | D:10     | Found a flagged portal.
 12666 | D:10     | Noticed a troll
 12668 | D:10     | Reached skill level 7 in Fighting
 12668 | D:10     | Reached XP level 10. HP: 80/84 MP: 16/16
 12698 | Bailey   | Entered a bailey
 12712 | Bailey   | Reached ** piety under Qazlal
 13461 | D:9      | Killed a two-headed ogre
 13648 | D:9      | Noticed a +0 short sword
 13648 | D:9      | Noticed a +0 spear
 13648 | D:9      | Noticed a +0 dagger
 13649 | D:9      | Noticed a +0 dagger
 13649 | D:9      | Noticed a +0 spear
 13649 | D:9      | Noticed a +0 falchion
 13649 | D:9      | Noticed a +0 short sword
 13649 | D:9      | Noticed a +0 falchion
 13654 | D:9      | Killed Maurice
 13667 | D:9      | Found a hide-covered altar of Uskayaw.
 13967 | D:10     | Found a staircase to the Lair.
 14035 | D:10     | Noticed an orc knight
 14044 | D:10     | Noticed a two-headed ogre
 14044 | D:10     | Noticed a two-headed ogre
 14079 | D:10     | Killed a two-headed ogre
 14080 | D:10     | Reached skill level 8 in Fighting
 14082 | D:10     | Reached skill level 10 in Maces & Flails
 14083 | D:10     | Killed a two-headed ogre
 14201 | D:10     | Reached XP level 11. HP: 62/92 MP: 17/17
 14219 | D:10     | Killed an orc knight
 14404 | D:10     | Identified the +0 pair of boots of Mental Paralysis {Str+3
                  | Int-4 SInv}
 14531 | Lair:1   | Entered Level 1 of the Lair of Beasts
 14981 | D:10     | Reached skill level 9 in Fighting
 15461 | Lair:1   | Acquired a manual of Fighting
 16187 | Lair:2   | Noticed a boulder beetle
 16192 | Lair:2   | Noticed Gastronok
 16199 | Lair:2   | Killed a boulder beetle
 16248 | Lair:2   | Reached skill level 10 in Fighting
 16434 | Lair:2   | Reached XP level 12. HP: 82/103 MP: 18/18
 16726 | Lair:2   | Reached *** piety under Qazlal
 16731 | Lair:2   | Found a staircase to the Shoals.
 16786 | Lair:2   | Noticed a four-headed hydra
 16790 | Lair:2   | Killed a four-headed hydra
 16791 | Lair:2   | Reached skill level 11 in Fighting
 16802 | Lair:2   | Killed Gastronok
 17389 | Lair:3   | Noticed a catoblepas
 17406 | Lair:2   | Killed a catoblepas
 17407 | Lair:2   | Reached skill level 1 in Shields
 17766 | Lair:3   | Reached skill level 12 in Fighting
 17808 | Lair:3   | Noticed a boulder beetle
 17823 | Lair:3   | Killed a boulder beetle
 18520 | Lair:4   | Found a gate leading to a gauntlet.
 18541 | Gauntlet | Entered a Gauntlet
 18541 | Gauntlet | Found a transporter.
 18541 | Gauntlet | Found a transporter.
 18544 | Gauntlet | Noticed a death scarab
 18641 | Gauntlet | Found a runed translucent door.
 18643 | Gauntlet | Found a transporter.
 18645 | Gauntlet | Found a runed translucent door.
 18655 | Gauntlet | Found a transporter.
 18673 | Gauntlet | Found a transporter.
 18673 | Gauntlet | Found a transporter.
 18673 | Gauntlet | Found a transporter.
 18673 | Gauntlet | Noticed a catoblepas
 18675 | Gauntlet | Found a transporter.
 18676 | Gauntlet | Found a transporter.
 18677 | Gauntlet | Noticed an entropy weaver
 18678 | Gauntlet | Noticed a dire elephant
 18687 | Gauntlet | Found a transporter.
 18701 | Gauntlet | Found a runed translucent door.
 18702 | Gauntlet | Found a transporter.
 18703 | Gauntlet | Found a runed translucent door.
 18712 | Gauntlet | Found a transporter.
 18726 | Gauntlet | Found a transporter.
 18747 | Gauntlet | Found a transporter.
 18852 | Gauntlet | Identified the +0 barding "Kirphykh" {Regen+}
 18860 | Gauntlet | Reached XP level 13. HP: 92/116 MP: 11/19
 18954 | Gauntlet | Killed a dire elephant
 18972 | Gauntlet | Identified the ring "Xitut" {rPois rF- rC- rCorr Str+9}
 18979 | Gauntlet | Acquired the +2 helmet "Jycs" {Drain rC+ rN+ Str+3 Dex+4}
 19064 | Gauntlet | Noticed a minotaur
 19072 | Gauntlet | Killed a minotaur
 19168 | Gauntlet | Identified the -1 helmet "Uscheu Xonna" {Will+ Int+4}
 19176 | Gauntlet | Acquired the ring of Sett {rF+ Will++ Str+4 Dex-2 Stlth+}
 19282 | Lair:4   | Reached skill level 13 in Fighting
 19552 | Lair:4   | Found a hole to the Spider Nest.
 19706 | Lair:5   | Got the Almanac of Flames
 19731 | Lair:5   | Reached skill level 15 in Maces & Flails
 19915 | Lair:5   | Reached skill level 14 in Fighting
 19990 | Lair:5   | Reached skill level 5 in Shields
 20185 | Lair:5   | Found a broken altar of Ashenzari.
 20576 | Lair:6   | Entered Level 6 of the Lair of Beasts
 20838 | Lair:6   | Reached **** piety under Qazlal
 20852 | Lair:6   | Reached XP level 14. HP: 125/129 MP: 20/20
 20916 | Lair:6   | Reached skill level 15 in Fighting
 21025 | Lair:6   | Noticed Nessos
 21029 | Lair:6   | Found a staircase to the Slime Pits.
 21048 | Lair:6   | Killed Nessos
 21199 | Lair:6   | Reached skill level 5 in Armour
 21601 | Lair:6   | Reached skill level 10 in Invocations
 21608 | Lair:6   | Identified the +5 long sword of Tension {vorpal, rF+}
 21679 | Lair:6   | Got Yhaset's Reference Book on Translocation
 22128 | D:11     | Found a staircase to the Orcish Mines.
 22142 | D:11     | Reached ***** piety under Qazlal
 22143 | D:11     | Noticed Fannar
 22148 | D:11     | Noticed Sonja
 22153 | D:11     | Killed Sonja
 22156 | D:11     | Killed Fannar
 22203 | D:11     | Noticed Psyche
 22210 | D:11     | Killed Psyche
 22772 | D:12     | Reached skill level 16 in Fighting
 23101 | D:13     | Found a gate to the Vaults.
 23114 | D:13     | Reached XP level 15. HP: 134/140 MP: 23/23
 24059 | D:15     | Entered Level 15 of the Dungeon
 24067 | D:15     | Found a staircase to the Depths.
 25177 | Orc:1    | Entered Level 1 of the Orcish Mines
 25177 | Orc:1    | Noticed an orc warlord
 25191 | Orc:1    | Killed an orc warlord
 25350 | Orc:2    | Entered Level 2 of the Orcish Mines
 25446 | Orc:2    | Reached ****** piety under Qazlal
 25454 | Orc:2    | Noticed an orc warlord
 25477 | Orc:2    | Killed an orc warlord
 25556 | Orc:2    | Found Dyila's CLEARANCE SALE!.
 25639 | Orc:2    | Found a staircase to the Elven Halls.
 25773 | Orc:2    | Reached XP level 16. HP: 81/149 MP: 25/25
 25774 | Orc:2    | Reached skill level 17 in Fighting
 25820 | Orc:2    | Found Olaocrim's Armour Boutique.
 25836 | Orc:2    | Found Mixtatok's Antique Armour Emporium.
 25837 | Orc:2    | Found Imaruop's Weapon Shoppe.
 25837 | Orc:2    | Found Foshus's Magic Scroll Boutique.
 25846 | Orc:2    | Bought a scroll of blinking for 105 gold pieces
 25846 | Orc:2    | Bought a scroll of magic mapping for 49 gold pieces
 25846 | Orc:2    | Bought a scroll of identify for 28 gold pieces
 26149 | Elf:1    | Entered Level 1 of the Elven Halls
 27536 | Elf:2    | Reached skill level 5 in Dodging
 27906 | Elf:2    | Found a runed translucent gate.
 27907 | Elf:2    | Found a runed translucent gate.
 27908 | Elf:2    | Found a runed translucent gate.
 27913 | Elf:2    | Reached skill level 10 in Shields
 27913 | Elf:2    | Noticed a deep elf blademaster
 28113 | Elf:2    | Acquired the +7 sceptre of Torment {pain, torment}
 28113 | Elf:2    | Found the +7 sceptre of Torment {pain, torment}
 28144 | Elf:3    | Entered Level 3 of the Elven Halls
 28250 | Elf:3    | Acquired 1361 gold pieces
 28394 | Elf:3    | Found a runed translucent gate.
 28394 | Elf:3    | Found a runed translucent gate.
 28394 | Elf:3    | Found a runed translucent gate.
 28430 | Elf:3    | Paralysed by an air elemental for 1 turns
 28439 | Elf:3    | Reached XP level 17. HP: 129/159 MP: 27/27
 28814 | Elf:3    | Noticed a Brimstone Fiend
 29429 | Shoals:1 | Entered Level 1 of the Shoals
 29462 | Shoals:1 | Noticed Aizul
 29488 | Shoals:1 | Killed Aizul
 29501 | Shoals:1 | Found a frozen archway.
 29510 | IceCv    | Entered an ice cave
 29941 | IceCv    | Reached skill level 18 in Fighting
 29942 | IceCv    | Identified the +2 pair of gloves of Tidweos {rN+ Str-4
                  | Dex+3}
 30003 | IceCv    | Noticed an Ice Fiend
 30011 | IceCv    | Killed an Ice Fiend
 31295 | Shoals:3 | Found Xupan's Assorted Antiques.
 31347 | Shoals:3 | Noticed Kirke
 31366 | Shoals:3 | Killed Kirke
 31371 | Shoals:3 | Bought a scroll labelled ECKYCOE UROTZOEFU for 30 gold
                  | pieces
 31720 | Shoals:4 | Entered Level 4 of the Shoals
 31773 | Shoals:4 | Reached XP level 18. HP: 169/169 MP: 29/29
 31836 | Shoals:4 | Reached skill level 15 in Invocations
 32041 | Shoals:4 | Got a barnacled rune of Zot
 32236 | Spider:1 | Entered Level 1 of the Spider Nest
 32475 | Spider:1 | Reached skill level 10 in Dodging
 33547 | Spider:3 | Identified the +7 fustibalus of the Bouncing Prophets
                  | {venom, rN++}
 33663 | Spider:3 | Gained mutation: You are clumsy. (Dex -2) [mutagenic glow]
 34002 | Spider:3 | Reached skill level 19 in Fighting
 34415 | Spider:4 | Entered Level 4 of the Spider Nest
 34485 | Spider:4 | Noticed Donald
 34502 | Spider:4 | Killed Donald
 34508 | Spider:4 | Reached XP level 19. HP: 150/178 MP: 31/31
 34531 | Spider:4 | Reached skill level 10 in Armour
 35348 | Spider:4 | Got a gossamer rune of Zot
 35351 | Spider:4 | Identified the +2 pair of boots "Gipobb" {Slay+3 SInv}
 35843 | Vaults:1 | Entered Level 1 of the Vaults
 36970 | Vaults:2 | Killed from afar by an ironbound thunderhulk

Illustrated notes

Levels and vault maps discovered:
D:1:      kennysheep_arrival_seaside, layout_basic, minmay_misc_feat_nine_boxes,
          glass_columns_c
D:2:      minmay_diamond_boxcup, layout_loops_ring, uniq_robin, uniq_jessica
D:3:      layout_basic, gammafunk_ghost_necromancy
D:4:      layout_basic, uniq_grinder, uniq_ijyb
D:5:      layout_loops_cross, nicolae_qazlal_style_of_elements,
          grunt_temple_overflow_open, kiku_gazebo_garden_becter,
          minmay_misc_feat_alley, abandoned_shop
D:6:      layout_layer_cave, minmay_temple_entry_slanted, portal_sewer_entry_f,
          uniq_pikel
D:7:      layout_loops_ring
D:8:      layout_basic, nicolae_wu_jian_immortal_techniques,
          mainiacjoe_overflow_six_doors_small
D:9:      layout_basic, nicolae_uskayaw_en_pointe, serial_rivers,
          chequers_serial_rivers_micro_d, chequers_serial_rivers_large_b,
          chequers_serial_rivers_small_3, chequers_serial_rivers_marsh,
          glass_columns_a, uniq_maurice
D:10:     minmay_clustersquares, layout_loops_ring, lair_entry_dummy,
          enter_bailey_2
D:11:     layout_big_octagon, minmay_orc_entry_temple_small, uniq_sonja,
          uniq_psyche, uniq_fannar
D:12:     layout_roguey
D:13:     layout_basic, david_vaults_2, david_greed
D:14:     layout_roguey
D:15:     gammafunk_depths_entry_grave, layout_loops_corners,
          minmay_fountain_box
Lair:1:   layout_small_grid
Lair:2:   layout_chaotic_city, minmay_shoals_entry_lonely_mermaid,
          infiniplex_staircase_pool, grunt_megastairs_2, uniq_gastronok
Lair:3:   layout_hall_layers, st_stairs_12, beast_lair_carwin_9
Lair:4:   layout_misc_corridors, spider_nest_entry_webs, gauntlet_entry_generic,
          grunt_megastairs_1
Lair:5:   layout_misc_corridors, lemuel_centaur_altar,
          infiniplex_staircase_pool_2, grunt_megastairs_4
Lair:6:   due_jungle_book, layout_regular_city, slime_dummy,
          minmay_lindwurm_lava, uniq_nessos
Shoals:1: layout_shoals, portal_ice_cave_entry_pillars_2, uniq_aizul
Shoals:2: layout_shoals
Shoals:3: layout_shoals, serial_shops, shop, uniq_kirke
Shoals:4: shoals_end_grunt_ice, layout_shoals
Spider:1: layout_spider_delve
Spider:2: layout_spider_delve, drop_trap
Spider:3: nicolae_spider_jumping_over_cracks [nicolae_spider_jumping_sub_lake,
          nicolae_spider_jumping_sub_narrow, nicolae_spider_jumping_sub_rim,
          nicolae_spider_jumping_sub_stairs], hellmonk_test_site
Spider:4: hellmonk_spider_rune_endless_swarm, uniq_donald
Orc:1:    layout_caves, kennysheep_orc_sif_temple
Orc:2:    st_orc_ogre_mass, layout_diamond_mine, nicolae_shop_clearance
Elf:1:    eino_elf_arrival_customs, layout_loops_corners, evilmike_minifort,
          lemuel_upstairs_altar
Elf:2:    nicolae_elf_blades_splatter_lattice
          [nicolae_blade_entry_diamond_columns], layout_loops_corners
Elf:3:    minmay_elf_hall_hex, layout_gridlike,
          nicolae_gammafunk_elf_defective_weapons_storage
Vaults:1: hangedman_vaults_capsules, ontoclasm_vaults_claustrophobia,
          nicolae_vaults_network_star, v_alt_pattern_3, vaults_room_octagon,
          v_misc_5, ontoclasm_vaults_hangar, layout_vaults_omnicross
Vaults:2: minmay_crypt_entry_simple_sparse, nicolae_vaults_arrows,
          nicolae_vaults_little_squares_4, hangedman_vaults_hat,
          vaults_standard_mumra_enter_the_diamond, hangedman_vaults_stream,
          nicolae_vaults_asterisk, v_misc_11, st_diamondy, v_misc_13,
          vaults_room_hallway, nicolae_vaults_shelves_hall,
          vaults_room_stairs_pillars, v_misc_23, vaults_mumra_hexcomb,
          layout_vaults_omnibox, serial_shops, nicolae_shop_bloodbath_and_beyond

Skill      XL: |  1  2  3  4  5  6  7  8  9 10 11 12 13 14 15 16 17 18 19 |
---------------+----------------------------------------------------------+-----
Conjurations   | 1 2 |  2.6
Spellcasting   | 4 |  4.0
Short Blades   | 1 3 4 5 |  5.4
Fighting       | 1 2 3 4 5 7 8 10 12 14 16 17 18 19 | 19.8
Armour         | 2 4 6 8 9 11 | 11.8
Maces & Flails | 1 5 8 10 12 14 16 | 16.4
Invocations    | 3 5 6 8 9 10 12 13 14 16 17 | 17.0
Shields        | 3 5 7 9 10 11 | 11.7
Dodging        | 6 9 10 | 10.2
Stealth        | |  1.2
Summonings     | |  0.7
Translocations | |  1.0

Action                   |  1- 3 |  4- 6 |  7- 9 | 10-12 | 13-15 | 16-18 | 19-21 || total
-------------------------+-------+-------+-------+-------+-------+-------+-------++-------
Melee: Dagger            |    73 |     7 |    47 |       |       |       |       ||   127
       Tailslap          |     8 |    18 |    58 |    75 |   203 |   253 |   105 ||   720
       Punch             |     1 |     7 |     5 |     7 |       |       |       ||    20
       Short sword       |       |   180 |   336 |       |       |       |       ||   516
       Eveningstar       |       |       |    86 |   454 |  1035 |  1372 |   484 ||  3431
Throw: Dart              |       |       |    15 |     7 |       |       |       ||    22
       Throwing net      |       |       |       |     3 |       |       |       ||     3
 Cast: Magic Dart        |    47 |    27 |       |       |       |       |       ||    74
Invok: Upheaval          |       |       |       |     8 |    12 |     7 |     5 ||    32
       Elemental Force   |       |       |       |       |     1 |     2 |       ||     3
       Disaster Area     |       |       |       |       |       |     7 |     1 ||     8
 Abil: Rolling Charge    |       |     2 |    18 |    45 |    35 |    52 |     3 ||   155
Evoke: Wand              |       |     4 |       |     1 |     1 |       |       ||     6
  Use: Scroll            |     1 |     6 |     4 |     5 |    11 |    10 |     1 ||    38
       Potion            |       |       |       |       |     1 |     3 |       ||     4
 Stab: Sleeping          |       |     3 |       |       |       |       |       ||     3
       Distracted        |       |     1 |       |       |       |       |       ||     1
       Held in net/web   |       |       |       |     1 |       |     1 |       ||     2
       Paralysed         |       |       |       |       |       |     4 |       ||     4
Armor: Robe              |    28 |    28 |       |       |       |       |       ||    56
       Ring mail         |       |    44 |   246 |   277 |   464 |       |       ||  1031
       Chain mail        |       |       |       |       |       |   605 |   241 ||   846
Dodge: Dodged            |    38 |    71 |   116 |   127 |   209 |   200 |    94 ||   855
       Repelled          |       |       |       |       |     2 |     3 |       ||     5
Block: Other             |       |       |     4 |    24 |       |       |       ||    28
       Kite shield       |       |       |       |    80 |   909 |  1617 |   552 ||  3158
       Reflection        |       |       |       |       |     7 |    96 |    22 ||   125
